 Dungeon Crawl Stone Soup version 0.30-a0-219-gf2db51d15e (webtiles) character file.

Game seed: 9487277109400515093

100 KennySheep the Chiller (level 4, -5/48 HPs)
             Began as a Barachi Transmuter on Oct 8, 2022.
             Was a Priest of Lugonu.
             Slain by a gnoll
             ... wielding a +0 halberd
             ... led by a gnoll bouda
              (7 damage)
             ... on level 3 of the Dungeon.
             The game lasted 00:06:36 (1754 turns).

KennySheep the Chiller (Barachi Transmuter)         Turns: 1754, Time: 00:06:37

Health: -5/48      AC: 22    Str: 11    XL:     4   Next: 73%
Magic:  4/7        EV:  2    Int: 16    God:    Lugonu [***...]
Gold:   60         SH:  0    Dex: 18    Spells: 4/7 levels left

rFire   . . .      SeeInvis .      - Unarmed
rCold   . . .      Faith    .    (no shield)
rNeg    . . .      Spirit   .    (body armour currently unavailable)
rPois   +          Reflect  .    (helmet currently unavailable)
rElec   .          Harm     .    (cloak currently unavailable)
rCorr   .          Rampage  .    (gloves currently unavailable)
Will    .....      NoTele   +    (boots currently unavailable)
Stlth   ++........               (no amulet)
HPRegen 0.28/turn                j - +6 ring of dexterity
MPRegen 0.10/turn                (no ring)

@: tree-form, wereblooded
A: stationary, stasis, torment immunity, boosted hp, (amphibious), (slowness 1),
(strong legs 1), +LOS
a: Renounce Religion, Depart the Abyss, Bend Space, Banish


You were on level 3 of the Dungeon.
You worshipped Lugonu.
Lugonu was most pleased with you.
You were a tree.
You visited 1 branch of the dungeon, and saw 3 of its levels.

You collected 60 gold pieces.

Inventory:

Armour
 a - a +0 robe (melded)
 c - a +0 pair of boots (melded)
 l - a +0 pair of gloves (melded)
Jewellery
 j - a +6 ring of dexterity (left branch)
Scrolls
 d - a scroll of vulnerability {unknown}
 e - 4 scrolls of identify {unknown}
 f - a scroll of fog {unknown}
 i - a scroll of magic mapping {unknown}
 k - a scroll of amnesia {unknown}
Potions
 g - 2 potions of ambrosia
 h - a potion of curing {unknown}


   Skills:
 - Level 1.2 Fighting
 - Level 2.4 Dodging
 - Level 3.2 Unarmed Combat
 - Level 2.1 Spellcasting
 + Level 3.6 Transmutations
 + Level 3.6 Ice Magic


You had 4 spell levels left.
You knew the following spells:

 Your Spells              Type           Power      Damage    Failure   Level
a - Beastly Appendage     Tmut           26%        N/A       4%          1
b - Wereblood             Tmut           13%        N/A       7%          2

Your spell library contained the following spells:

 Spells                   Type           Power      Damage    Failure   Level
 Spider Form              Tmut/Pois      7%         N/A       28%         3
 Ice Form                 Ice/Tmut       13%        N/A       41%         4


Dungeon Overview and Level Annotations

Branches:
Dungeon (3/15)

Altars:
Lugonu


Innate Abilities, Weirdness & Mutations

You are a tree.
Your roots penetrate the ground, keeping you stationary.
You cannot be teleported.
You are immune to unholy pain and torment.
Your maximum health is greatly increased.
Your equipment is partially melded.
((You are amphibious.))
((You cover ground slowly.))
((You can hop short distances.))
You have an extended range of vision and can be seen from far away.


Message History

Casting: Beastly Appendage (safe; 4% risk of failure)
Confirm with . or Enter, or press ? or * to list all spells.
You grow a pair of large bovine horns.
Your feet morph into talons.
Your +0 pair of boots melds into your body.
The jackal bites you.
* * * LOW HITPOINT WARNING * * *
Casting: Beastly Appendage (safe; 4% risk of failure)
Confirm with . or Enter, or press ? or * to list all spells.
Your blood is infused with primal strength.
The jackal bites you but does no damage.
The jackal misses you.
Really quaff the potion of lignification? [Y]es or [N]o only, please.
Really quaff the potion of lignification?
Your horns disappear.
Your talons disappear.
Your +0 pair of boots unmelds from your body.
You turn into a tree.
Your +0 pair of gloves melds into your body.
Your +0 pair of boots melds into your body.
Your +0 robe melds into your body.
Your roots penetrate the ground.
The jackal bites you.
* * * LOW HITPOINT WARNING * * *
You smack the jackal!
You feel a bit better.
You kill the jackal!
Lugonu accepts your kill.
You creak as the wereblood boils in your veins!
You smack the endoplasm!
You feel a bit better.
You kill the endoplasm!
Lugonu accepts your kill.
You barely miss the gnoll bouda.
The gnoll bouda hits you with a +0 whip.
* * * LOW HITPOINT WARNING * * *
You hit the gnoll bouda but do no damage.
You creak as the wereblood boils in your veins!
The gnoll hits you but does no damage.
The gnoll bouda hits you but does no damage.
You barely miss the gnoll bouda.
You creak as the wereblood boils in your veins!
The gnoll hits you from afar with a +0 halberd!
You die...

###########..
#.♣gJ.)......
#.##g##.###.
##.##†##.##...
#....Jg.......
........##.#..##...
.#####.. #.#..# #..
... .# #.. ..####
#..#..#


You could see a gnoll bouda, a gnoll (swift) and an endoplasm.

Vanquished Creatures
  5 adders
  2 worms (D:2)
  A dart slug (D:2)
  6 endoplasms
  2 giant cockroaches
  4 goblins
  2 hobgoblins
  3 jackals (D:3)
  A quokka (D:1)
  5 ball pythons
  11 bats
  A frilled lizard (D:1)
  A kobold (D:2)
  3 rats
47 creatures vanquished.

Notes
Turn   | Place    | Note
-------+----------+-------------------------------------------
     0 | D:1      | KennySheep the Barachi Transmuter began the quest for the
                  | Orb.
     0 | D:1      | Reached XP level 1. HP: 15/15 MP: 3/3
    83 | D:1      | Reached skill level 1 in Ice Magic
   194 | D:1      | Reached XP level 2. HP: 15/21 MP: 3/5
   199 | D:1      | Learned a level 2 spell: Wereblood
   267 | D:1      | Found a faded altar of an unknown god.
   275 | D:1      | Prayed at the altar of an unknown god.
   275 | D:1      | Became a worshipper of Lugonu the Unformed
   275 | D:1      | Reached * piety under Lugonu
   275 | D:1      | Reached ** piety under Lugonu
   832 | D:2      | Reached XP level 3. HP: 22/26 MP: 6/6
  1285 | D:2      | Reached XP level 4. HP: 32/32 MP: 5/7
  1739 | D:3      | Reached *** piety under Lugonu
  1747 | D:3      | HP: 1/32 [jackal (2)]
  1752 | D:3      | HP: 2/48 [gnoll bouda/+0 whip (6)]
  1754 | D:3      | Slain by a gnoll

Illustrated notes

Levels and vault maps discovered:
D:1:      dpeg_arrival_tiny_d, layout_basic,
          shapermc_ecumenical_altar_notcrosses, minivault_11,
          roderic_serpentine_path, minmay_misc_feat_room,
          chequers_serial_rivers_micro_d, hangedman_decor_opposing
D:2:      layout_basic
D:3:      layout_loops_ring, slow_altar_2, ebering_ghost_reflecting_pool

Skill      XL: |  1  2  3 |
---------------+----------+-----
Ice Magic      | 1 2 3 |  3.6
Transmutations | 3 |  3.6
Fighting       | |  1.2
Dodging        | |  2.4
Unarmed Combat | |  3.2
Spellcasting   | |  2.1

Action                   |  1- 3 |  4- 6 || total
-------------------------+-------+-------++-------
Melee: Unarmed           |   125 |    66 ||   191
       Punch             |     4 |     2 ||     6
       Headbutt          |     1 |     2 ||     3
       Kick              |       |     3 ||     3
 Cast: Beastly Appendage |     3 |     2 ||     5
       Wereblood         |       |     2 ||     2
  Use: Potion            |     1 |     1 ||     2
 Stab: Sleeping          |     1 |       ||     1
Armor: Robe              |    37 |    19 ||    56
       Skin              |       |     2 ||     2
Dodge: Dodged            |   111 |    56 ||   167

Table legend: (Time is in decaauts)
 A = Elapsed time spent in this place.
 B = Non-inter-level travel time spent in this place.
 C = Inter-level travel time spent in this place.
 D = Time resting spent in this place.
 E = Time spent auto-exploring this place.
 F = Levels seen in this place.
 G = Mean time per level.
                   A        B        C        D        E       F      G
               +--------+--------+--------+--------+--------+-----+--------+
         Total |   1999 |   1945 |     54 |      0 |   1486 |   3 |  666.3 |
       Dungeon |   1999 |   1945 |     54 |      0 |   1486 |   3 |  666.3 |
               +--------+--------+--------+--------+--------+-----+--------+

Top non-repeatable levels by time:
     D:2: 1075 daAuts
     D:1: 880 daAuts
     D:3: 43 daAuts
